[Event "Summer Prague Open-A 2022"]
[Site "Prague"]
[Date "2022.08.12"]
[Round "9.1"]
[White "Lutsko, Artem"]
[Black "Zamengo, Fulvio"]
[Result "1-0"]
[ECO "A05"]
[WhiteElo "2392"]
[BlackElo "2396"]
[Annotator "TA"]
[PlyCount "141"]
[EventDate "2022.08.05"]
[EventType "swiss"]
[EventCountry "CZE"]
[SourceTitle "playchess.com"]
[Source "ChessBase"]
[SourceQuality "1"]
[TimeControl "40/5400+30:1800+30"]

1. Nf3 Nf6 2. g3 g6 3. b3 d5 4. Bb2 c5 5. Bg2 Bg7 6. O-O O-O 7. d3 Nc6 {[%emt 0:09:11] A05: Réti Opening: 1 Nf3 Nf6.} 8. Ne5 Nxe5 9. Bxe5 b6 {[%emt 0:00:11] The position is equal.} 10. c4 Bb7 {[%emt 0:00:08] [#]} 11. d4 $146 ({Predecessor:} 11. Nc3 e6 12. Qc2 Qd7 13. Qb2 d4 14. Nb1 Bxg2 15. Kxg2 Qc6+ 16. Kg1 Nd7 17. Bxg7 Kxg7 {0-1 (62) Diakonova,E (2157)-Kryakvin,A (1240) Sevastopol 2021}) 11... Qc8 12. cxd5 $1 Nxd5 {[%emt 0:00:15] Hoping for ...f6.} 13. Bxg7 Kxg7 14. Qd2 Rd8 15. dxc5 Nf6 16. Bxb7 Qxb7 17. Qe3 bxc5 18. Qxc5 Rac8 19. Qe3 Qe4 20. Qxe4 Nxe4 21. Re1 a5 22. f3 Nc3 23. Kf1 Nxb1 (23... Nb5 $11) 24. Raxb1 $11 {[%emt 0:00:03][%mdl 4096] Endgame KRR-KRR} Rc2 25. a4 Rdd2 (25... Rd5 $14) 26. Rbd1 $1 $16 Kf6 27. Rxd2 Rxd2 {[%emt 0:00:07] KR-KR} 28. Rc1 Rb2 29. Rc6+ e6 30. Rb6 h5 (30... Rd2 $142 31. Kf2 h5) 31. h4 $18 g5 32. hxg5+ Kxg5 33. Kf2 Kf5 34. Rb5+ Kg6 35. Ke3 Kf6 (35... Kg7 $142 36. Kd4 (36. Rxh5 f5 $16) (36. Rxa5 Rxb3+ 37. Kd4 Ra3 $16) 36... f5 37. Rxa5 Rxe2) 36. f4 (36. Rxa5 Rxb3+ 37. Kd4 Rb2 $16) 36... Kg6 37. Kf3 (37. Rxa5 Rxb3+ 38. Kf2 f6) 37... Rc2 (37... f6 {was called for.} 38. Ke3 (38. Rxa5 Rxb3+ 39. e3 Ra3 $18) 38... Kg7) 38. Re5 ({But not} 38. Rg5+ Kh6 39. Rxa5 Rc3+ 40. e3 Rxb3 $18) 38... Rc3+ 39. Re3 (39. e3 $18 {is the precise move to win.}) 39... Rc2 40. Ke4 ({Better is} 40. Kg2 $16) 40... Rd2 $1 $11 41. Kf3 {[%emt 0:30:44] And now Re5 would win.} Rb2 (41... Rc2 $1 $11) 42. Rc3 f6 43. e3 Rb1 44. Ke4 Rb2 45. Kf3 Rb1 $1 46. e4 $2 (46. Rc5 $1 $18) 46... Rh1 $2 {[%emt 0:00:00][%mdl 8192] [#] A mistake that costs the game.} (46... e5 $1 $11 {and Black has nothing to worry.}) 47. Rc6 $1 $18 Rb1 48. Rb6 (48. Rxe6 $6 Rxb3+ 49. Kg2 Rb2+ 50. Kh3 Kf7 $16) 48... Rb2 {[%emt 0:00:00] [#]} 49. e5 $1 ({Don't take} 49. Rxe6 $6 Rxb3+ 50. Kg2 Kf7 $16) 49... fxe5 $2 (49... Kf7 50. Rb7+ Kg6) 50. Rxe6+ Kf7 51. Rxe5 Rxb3+ 52. Kg2 h4 53. gxh4 Rb4 54. Rxa5 Rxf4 55. Kg3 Rc4 56. Rf5+ Kg6 57. Rf4 Rc1 58. Kf3 Re1 59. Kf2 Re5 60. Rb4 {[%emt 0:00:00] Black must now prevent Rb5.} Kh7 61. Kf3 Kh6 62. Rb5 {[%emt 0:00:00] White mates.} Re1 63. a5 Rf1+ 64. Ke4 Rd1 65. h5 Re1+ 66. Kd4 Rd1+ 67. Kc5 Rf1 68. a6 Rf7 69. Ra5 Rf5+ 70. Kb4 Rf4+ 71. Kc3 {[%emt 0:00:00] Weighted Error Value: White=0.22 (precise) /Black=0.33} 1-0

[Event "Summer Prague Open-A 2022"]
[Site "Prague"]
[Date "2022.08.12"]
[Round "9.2"]
[White "Lalic, Bogdan"]
[Black "Kaspi, Alexander"]
[Result "1/2-1/2"]
[ECO "D30"]
[WhiteElo "2412"]
[BlackElo "2414"]
[Annotator "TA"]
[PlyCount "56"]
[EventDate "2022.08.05"]
[EventType "swiss"]
[EventCountry "CZE"]
[SourceTitle "playchess.com"]
[Source "ChessBase"]
[SourceQuality "1"]
[TimeControl "40/5400+30:1800+30"]

1. d4 d5 2. c4 e6 3. Nf3 c6 4. Bg5 Be7 5. Bxe7 Qxe7 6. Nbd2 f5 {[%emt 0:00:12] D30: Queen's Gambit Declined: Systems without Nc3.} (6... Nf6 $11) 7. e3 $14 Nf6 8. Be2 O-O {[%emt 0:06:28] White is slightly better.} 9. O-O Nbd7 10. Qc2 {[%emt 0:00:59] [#]} Ne4 $146 ({Predecessor:} 10... a5 11. Rac1 Ne8 12. Ne1 Nd6 13. Nd3 Kh8 14. f3 Qf6 15. Qc3 dxc4 16. Nxc4 Nxc4 17. Qxc4 {1-0 (38) Sarwinski,M (2380)-Ustianovich,N (2255) Swidnica 2000}) 11. a3 Ndf6 12. b4 Nxd2 13. Qxd2 Bd7 14. Ne5 Rfc8 15. a4 a6 16. Qb2 Be8 17. c5 Nd7 18. Nxd7 {[%emt 0:01:53] White is much more active. The black rooks are badly placed.} Qxd7 19. Ra3 Rcb8 20. Rb3 Ra7 21. Qc3 Rba8 22. Rfb1 Qd8 23. h3 Kf8 24. b5 axb5 25. axb5 Ra2 26. R3b2 R2a3 27. Rb3 Ra2 28. R3b2 R2a3 {[%emt 0:00:37] Weighted Error Value: White=0.13 (very precise) /Black=0.09 (flawless)} 1/2-1/2

[Event "Summer Prague Open-A 2022"]
[Site "Prague"]
[Date "2022.08.12"]
[Round "9.3"]
[White "Hrabusa, Matej"]
[Black "Zanan, Evgeny"]
[Result "0-1"]
[ECO "A50"]
[WhiteElo "2354"]
[BlackElo "2521"]
[Annotator "TA"]
[PlyCount "73"]
[EventDate "2022.08.05"]
[EventType "swiss"]
[EventCountry "CZE"]
[SourceTitle "playchess.com"]
[Source "ChessBase"]
[SourceQuality "1"]
[TimeControl "40/5400+30:1800+30"]

1. d4 Nf6 2. c4 g6 3. h4 c5 4. d5 e6 5. Nc3 exd5 6. Nxd5 {[%emt 0:04:28] E60: King's Indian: Unusual lines and Fianchetto Variation without Nc3.} Nxd5 7. Qxd5 Nc6 {[%emt 0:03:19] [#] Against Qe5+} 8. Bg5 $146 {[%emt 0:04:30] The position is equal.} ({Predecessor:} 8. Nf3 d6 9. Ng5 Qe7 10. Bd2 Bg7 11. h5 Bf5 12. g4 Bxb2 13. gxf5 Bxa1 14. hxg6 fxg6 15. Rxh7 Rxh7 {1-0 (63) Roshka,Y (2497)-Vrchotka,J (1959) Ceske Budejovice 2022}) 8... Be7 9. O-O-O O-O 10. a3 {[%emt 0:05:34] Against Nb4} d6 11. Bxe7 Qxe7 12. e3 Na5 13. Nf3 (13. Qxd6 $2 Bf5 $1 14. Rd3 Qe8 $19) 13... Be6 14. Qg5 {[%emt 0:13:48] [#]} (14. Qxd6 $11 Bf5 15. b4) 14... Bf5 $1 15. Nd2 $11 (15. b4 f6) 15... f6 16. Qf4 Rad8 17. h5 {[%emt 0:05:38] Hoping for g4.} Qe5 $1 18. hxg6 Bxg6 19. g3 d5 $40 {[%emt 0:02:28][%mdl 128] Black is up to no good.} 20. Qxe5 fxe5 21. f4 {[%emt 0:00:05] Black continues to play with concentration.} d4 22. exd4 Rxd4 {[%emt 0:00:05] And now ...Rfd8 would win.} ({Don't play} 22... exf4 $6 23. d5 $11) (22... exd4 23. Bg2 $11) 23. b4 Nc6 {[%emt 0:00:04] Black is more active.} ({But not} 23... exf4 24. bxa5 fxg3 25. Rh3 $16) 24. bxc5 exf4 25. gxf4 Rfxf4 {[%emt 0:00:27] Strongly threatening ...Rf2.} 26. Bh3 $2 (26. Re1 $17) 26... Rf2 $2 (26... Rd3 $19 27. Bg2 Na5) 27. Rhf1 $2 {[%emt 0:01:21][%mdl 8192] [#]} (27. Rhe1 $17) 27... Rh2 (27... Ne5 $142 $1 28. Be6+ (28. c6 bxc6) 28... Kg7) 28. Bf5 $19 {[%emt 0:02:14] [#]} Bh5 29. Be6+ $2 (29. Rg1+ Kh8 30. Be6) 29... Kg7 30. Nf3 Rxd1+ 31. Kxd1 $2 (31. Rxd1 Bxf3 32. Rd7+ Kf6 33. Bd5) 31... Ne5 {[%emt 0:01:37] Black is clearly winning.} 32. Bd5 Nxf3 33. Bxf3 {[%emt 0:00:15] [#]} Rh1 $3 34. Bxh5 (34. Kd2 Rxf1) 34... Rxf1+ 35. Ke2 Rf4 36. Kd3 Rf5 37. Kd4 {Weighted Error Value: White=0.97/Black=0.46} 0-1

[Event "Summer Prague Open-A 2022"]
[Site "Prague"]
[Date "2022.08.12"]
[Round "9.4"]
[White "Ranaldi, Lucas"]
[Black "Schmaltz, Roland"]
[Result "1-0"]
[ECO "A04"]
[WhiteElo "2339"]
[BlackElo "2466"]
[Annotator "TA"]
[PlyCount "89"]
[EventDate "2022.08.05"]
[EventType "swiss"]
[EventCountry "CZE"]
[SourceTitle "playchess.com"]
[Source "ChessBase"]
[SourceQuality "1"]
[TimeControl "40/5400+30:1800+30"]

1. Nf3 c5 2. c4 Nc6 3. Nc3 g6 4. e3 Nf6 5. d4 cxd4 6. exd4 d5 7. cxd5 Nxd5 8. Qb3 Nxc3 9. Bc4 e6 {[%emt 0:00:19] outshines the older 9...Nd5.} 10. bxc3 Bg7 11. Ba3 {[%emt 0:01:35] Threatens to win with d5. A35: Symmetrical English: 2 Nc3 Nc6 3 Nf3.} Na5 12. Bb5+ Bd7 13. Qb4 {[%emt 0:04:23][%cal Od4d5] White is slightly better.} b6 14. Ne5 (14. d5 $5 Bxb5 15. Qxb5+ Qd7 16. Qxd7+ Kxd7 17. dxe6+ fxe6 18. O-O-O+ Kc7 19. Bd6+ Kb7 20. Be5 Bxe5 21. Nxe5 $11) 14... Bxe5 15. dxe5 Bxb5 16. Qxb5+ Qd7 17. Qxd7+ Kxd7 18. O-O-O+ {[%emt 0:00:38] [#]} Ke8 $146 ({Predecessor:} 18... Kc7 19. Be7 Rhe8 20. Bf6 Rac8 21. Kc2 Nb7 22. Rd4 Nc5 {½-½ (31) Bluebaum,M (2643)-Lupulescu,C (2620) Germany 2018}) 19. Rd4 {[%emt 0:06:11] Inhibits Nc4.} Rc8 20. Rhd1 Nc4 21. Bd6 b5 {[%emt 0:00:13] [#]} (21... Nxd6 $11 {remains equal.} 22. Rxd6 Kf8) 22. a4 {[%emt 0:05:26] White is more active.} (22. Bc7 $1 $16 {Hoping for Rd8+.} Ke7 (22... Nb6 23. Bxb6) 23. Rd7+ Kf8 24. Bd6+ Kg7 25. Rd3 (25. Rxa7 Ra8 $14)) 22... a6 (22... Nxd6 $11 23. Rxd6 bxa4) 23. Kc2 {[%emt 0:02:49][%cal Od6c7] White wants to play Bc7!} Kd7 $1 {[%emt 0:10:25] Prevents Bc7+.} ({Don't do} 23... bxa4 24. Rb1 Nxd6 25. exd6 $16) 24. axb5 axb5 25. Ra1 $1 Kc6 26. Ra7 Ra8 27. Rc7+ Kb6 {[%emt 0:00:07] ...Ra2+ is the strong threat.} 28. Rxf7 Ra2+ 29. Kd3 Rha8 30. Rf6 ({Don't play} 30. Rxh7 Rxf2 31. Rxc4 bxc4+ 32. Kxc4 Rc8+ 33. Kb3 Rxg2 $15) 30... Rd2+ 31. Ke4 Re2+ 32. Kf3 Raa2 33. Kg3 Rac2 {[%emt 0:04:29] [#]} 34. Rxe6 (34. Bb4 $1 $16 Rxe5 35. h4) 34... Rxc3+ (34... Rxf2 $11 35. Bb4+ Kc7) 35. f3 $14 Ka5 {[%emt 0:00:27] Prevents Bb4+.} (35... Ne3 $16 36. Kh3 Rc6) 36. Bc7+ ({White should try} 36. Bf8 $18) 36... Kb4 37. Rc6 $36 {[%emt 0:00:59][%mdl 2048] White is in control.} Rcc2 $2 {[%emt 0:00:28][%mdl 8192] [#] This costs Black the game.} (37... Kb3 $16) 38. e6 $1 $18 {[%emt 0:00:25] Black must now prevent Re4.} Rxg2+ $2 (38... Kb3 39. Re4 Ne3 40. Rxc2 Nf5+ 41. Kf4 Rxc2) 39. Kf4 Rce2 40. Re4 Rxh2 {[%emt 0:00:10] [#]} 41. Rcxc4+ $1 {[%emt 0:04:55][%mdl 576] Remove Defender. White mates.} bxc4 42. e7 Rxe4+ 43. fxe4 c3 44. e8=Q c2 45. Qc6 {[%emt 0:01:14] Weighted Error Value: White=0.11 (very precise) /Black=0.50} (45. Bd6+ $142 Ka5 46. Qc6 Rh1 47. Qxc2 g5+ 48. Kg3 g4 49. e5 Rh5 50. e6) 1-0

[Event "Summer Prague Open-A 2022"]
[Site "Prague"]
[Date "2022.08.12"]
[Round "9.5"]
[White "Mirzoev, Azer"]
[Black "Mirimanian, Hayk"]
[Result "1-0"]
[ECO "D35"]
[WhiteElo "2424"]
[BlackElo "2228"]
[Annotator "TA"]
[PlyCount "73"]
[EventDate "2022.08.05"]
[EventType "swiss"]
[EventCountry "CZE"]
[SourceTitle "playchess.com"]
[Source "ChessBase"]
[SourceQuality "1"]
[TimeControl "40/5400+30:1800+30"]

1. c4 e6 2. d4 d5 3. cxd5 exd5 4. Nc3 Nf6 5. Bg5 Be7 6. e3 O-O 7. Bd3 Re8 8. Qc2 h6 9. Bh4 c6 10. Nge2 Nbd7 11. h3 Nb6 {[%emt 0:03:51][%cal Of6e4] D36: Queen's Gambit Declined: Exchange Variation: Main line (5 Bg5 c6 6 Qc2).} 12. Bg3 Bf8 13. O-O Bd7 {[%emt 0:05:44] [#] White has an edge.} 14. Rfc1 $146 ({Predecessor:} 14. b3 Nc8 15. Be5 Nb6 16. a3 a6 17. Rfc1 Rc8 18. Nf4 Ra8 19. Rcb1 Nc8 20. Na4 Ne4 21. Ne2 Ncd6 22. b4 b6 {0-1 (22) Bertorello,J (2312)-Boehme,S (2366) ICCF email 2018}) 14... Qe7 15. Bh2 g6 16. Ng3 (16. Be5 {with more complications.} Bg7 17. Nf4 Nh5 18. Bc7) 16... h5 17. Rab1 h4 18. Nf1 Ne4 19. Re1 Bg7 20. f3 (20. Nd2 $11) 20... Nd6 (20... Nxc3 $15 21. Qxc3 Rac8) 21. Kh1 Nf5 22. Qf2 Rac8 23. Rbd1 Rcd8 24. Bc7 Rc8 25. Bf4 Rcd8 26. Bxf5 Bxf5 27. e4 $1 dxe4 (27... Be6 $14) 28. fxe4 $16 Bc8 {[%emt 0:00:12] [#]} 29. Nh2 $1 Qb4 {[%emt 0:01:03] Loses the game.} (29... g5 $16 {might work better.} 30. Bc1 f6) 30. Nf3 $18 Nc4 31. Bc1 Nd6 32. Qxh4 {[%emt 0:01:56] Black must now prevent Ng5.} Nb5 $2 (32... f6 33. Qg3 g5) 33. Bg5 Rd7 34. Nxb5 Qxb5 35. e5 {[%emt 0:03:14] [#] Against f6. Strongly threatening Bf6.} Qxb2 (35... Rf8 $142 36. Bh6 Bxh6) 36. Bf6 {[%emt 0:00:15] White threatens Ng5 and mate.} Qb4 37. Ng5 {[%emt 0:04:48] Weighted Error Value: White=0.16 (very precise) /Black=0.71} 1-0

[Event "Summer Prague Open-A 2022"]
[Site "Prague"]
[Date "2022.08.12"]
[Round "9.6"]
[White "Philipp, Mathias"]
[Black "Cernousek, Lukas"]
[Result "0-1"]
[ECO "B51"]
[WhiteElo "2092"]
[BlackElo "2429"]
[Annotator "TA"]
[PlyCount "122"]
[EventDate "2022.08.05"]
[EventType "swiss"]
[EventCountry "CZE"]
[SourceTitle "playchess.com"]
[Source "ChessBase"]
[SourceQuality "1"]
[TimeControl "40/5400+30:1800+30"]

1. e4 c5 2. Nf3 d6 3. Bb5+ Nd7 4. O-O a6 5. Bd3 Ngf6 6. Re1 {[%emt 0:00:13] B51: Sicilian: Moscow Variation (3 Bb5+) without 3...Bd7.} g6 7. c3 Bg7 8. Bc2 {[%emt 0:00:59] White has an edge.} b5 9. d4 cxd4 10. cxd4 Bb7 11. a4 O-O 12. Bd2 Qb6 {[%emt 0:14:36] [#]} 13. a5 $146 ({Predecessor:} 13. Na3 e5 14. dxe5 Nxe5 15. Nxe5 dxe5 16. Qe2 Bc6 17. Be3 Qb7 18. f3 Nd7 19. axb5 axb5 {0-1 (51) Rudolf,M (2337)-Livaic,L (2474) Budapest 2019}) 13... Qc7 14. Bb4 Rac8 15. Bd3 Rfd8 {[%emt 0:05:29][%cal Od7c5] White must now prevent ...Nc5!} 16. Nc3 Nc5 17. Bc2 {[%emt 0:01:04] [#]} (17. dxc5 dxc5 18. Nxb5 axb5 $17) 17... e5 $1 18. d5 {[%emt 0:06:25] [#]} (18. dxc5 $2 dxc5 19. Nd5 Nxd5 20. exd5 cxb4 $19) (18. Nxb5 axb5) 18... Bh6 (18... Ncxe4 $1 $15 19. Bxe4 (19. Nxe4 Nxd5 20. Ba3 Qxc2 $17) 19... Qc4 20. Bxd6 (20. Ba3 b4 $15) 20... Rxd6 21. Nxe5 Qb4) 19. Ra3 Qd7 20. h3 Rc7 21. Nh2 Nh5 22. Ng4 Bg5 23. g3 Bc8 24. Na2 Kh8 (24... Qe7 $11 {keeps the balance.}) 25. Nh2 (25. Bc3 $16) 25... Ng7 (25... Qxh3 {feels hotter.} 26. g4 Qh4 27. gxh5 Bf4) 26. h4 Bh6 27. Qe2 (27. Nf3 $11) 27... f5 $1 $15 28. f3 (28. Bd2 $11 {remains equal.} Bxd2 29. Qxd2) 28... Qe7 29. Rf1 (29. exf5 $17 Nxf5 30. Qf2) 29... Rf8 ({Black should play} 29... Nh5 $19 30. Qg2 f4) 30. Be1 Nh5 ({Much weaker is} 30... fxe4 $6 31. fxe4 Rxf1+ 32. Nxf1 $11) 31. Rc3 (31. exf5 $142 gxf5 32. f4) 31... f4 $17 {[%emt 0:00:35] Black is more active.} 32. g4 Ng3 33. Qg2 Nxf1 34. Nxf1 Na4 35. Bxa4 bxa4 36. Qc2 Rxc3 37. Nxc3 Bd7 38. Nxa4 Rc8 39. Qb3 (39. Bc3 $17) 39... Bb5 $2 (39... Rc1 40. Qb8+ Kg7) 40. Nc3 $19 Bc4 41. Qb6 Bf8 42. Nd2 Bd3 43. Bf2 (43. Nb3 {is a better defense.}) 43... Qd7 44. Kg2 Be7 {[%emt 0:00:25] Threatens to win with ...Qd8.} 45. Qb4 Kg7 46. Qa3 Qb7 47. Bb6 $2 (47. Nd1 {was necessary.} Bc2 48. Nc3) 47... Bxh4 {[%emt 0:02:49] ...Qd7 is the strong threat.} 48. Qxd6 Qe7 {[%emt 0:00:01] The board is on fire.} 49. Qxe7+ Bxe7 {[%emt 0:00:01] This bishop pair is nice.} 50. Nb3 Kf7 51. Kh1 Rc4 $2 ({Better is} 51... h5 $19 {aiming for ...hxg4.} 52. Nc1 Bc4 53. gxh5 gxh5) 52. Nd2 $1 $15 {[%emt 0:00:40] [#]} Rc8 (52... Rd4 $1 $15 53. Bxd4 (53. Kg2 Bb4) 53... exd4) 53. Nb3 $1 $19 h5 54. gxh5 gxh5 55. Bg1 (55. Nc1 $142 Bc4 56. N1a2) 55... h4 56. Na4 Rc2 {[%emt 0:00:45] ( -> ...Be2)} 57. Nbc5 Bf1 (57... Be2 $142 58. Kh2 Bf1+ 59. Bf2 Rxf2+ 60. Kg1 Rxf3 61. d6 Bxd6 62. Nb7 Be7 63. Nc3 Bc4 64. Kg2 Rg3+ 65. Kh1 Bd3 66. b4 Bxb4 67. Kh2 Bxc3 68. Nd6+ Kg6 69. Nf5 {[#]} Bd4 $1 70. Nxg3 hxg3+ 71. Kg2 Be2 72. Kh3 Kh5 73. Kg2 Kg4 74. Kh1 Bf3#) 58. b4 h3 59. Nd7 Bg2+ 60. Kh2 Bh4 61. Nxe5+ Kg7 {[%emt 0:00:26] Weighted Error Value: White=0.60/Black=0.39} 0-1

[Event "Summer Prague Open-A 2022"]
[Site "Prague"]
[Date "2022.08.12"]
[Round "9.7"]
[White "Weishaeutel, Moritz"]
[Black "Roubalik, Jakub"]
[Result "1-0"]
[ECO "D00"]
[WhiteElo "2400"]
[BlackElo "2380"]
[Annotator "TA"]
[PlyCount "51"]
[EventDate "2022.08.05"]
[EventType "swiss"]
[EventCountry "CZE"]
[SourceTitle "playchess.com"]
[Source "ChessBase"]
[SourceQuality "1"]
[TimeControl "40/5400+30:1800+30"]

1. d4 d5 2. Nc3 Nf6 3. Bf4 e6 4. e3 Bd6 5. Bg3 O-O 6. Bd3 {[%emt 0:01:43] D00: 1 d4 d5: Unusual lines.} b6 {[%emt 0:06:47] [#]} 7. Nb5 $146 ({Predecessor:} 7. Nf3 Ba6 8. O-O Bxg3 9. hxg3 c5 10. Re1 Bxd3 11. cxd3 cxd4 12. Nxd4 e5 13. Nf3 {0-1 (31) Osmonbekov,T (2136)-Kanakaris,G (2400) Chess.com INT 2021}) 7... Bxg3 8. hxg3 {[%emt 0:00:08][%cal Od3h7] White is slightly better.} h6 9. g4 {[%emt 0:06:55][%cal Og4g5] aiming for g5! White is more active.} Ne4 ({Black should try} 9... c6 $14) 10. Bxe4 $16 dxe4 11. g5 $1 Qxg5 12. Nxc7 Qxg2 13. Qh5 {[%emt 0:00:39] Threatens to win with Ne2.} Na6 14. Nxa8 $18 {[%emt 0:01:28] Ne2 is the strong threat.} Nb4 15. O-O-O Qxf2 {[%emt 0:07:00][%csl Gb4][%cal Rf2c2] [#]} 16. Qh2 ({Don't take} 16. Qe2 $6 Qxe2 17. Nxe2 Ba6 $11) ({White has to play} 16. Rh2 $1 $16 Qxe3+ 17. Kb1) 16... Qxe3+ $11 17. Kb1 $1 {[%emt 0:00:09] Black must now prevent Nc7.} Bb7 $2 (17... e5 $1 $11 {and Black has nothing to worry.} 18. Nc7 (18. dxe5 Bg4 $17) 18... Bg4) 18. Nc7 $18 Rc8 19. a3 Nc6 (19... Nd3 20. Nh3 Qxd4 21. cxd3 Qd7 22. Nxe6 fxe6) 20. d5 exd5 21. Nxd5 Qc5 {[%emt 0:00:10] [#]} 22. Nf6+ $1 Kh8 23. Qf4 {[%emt 0:00:22][%cal Oh1h6] White wants to mate with Rxh6+!} Qf8 24. Nd7 Qg8 25. Ne2 Ne7 {[%emt 0:00:28] [#]} 26. Qe5 {[%emt 0:00:28] Weighted Error Value: White=0.31/Black=1.10} (26. Rxh6+ $142 $1 gxh6 27. Qxh6+ Qh7 28. Qf6+ Qg7 29. Rh1+ Kg8 30. Qxe7) 1-0

[Event "Summer Prague Open-A 2022"]
[Site "Prague"]
[Date "2022.08.12"]
[Round "9.8"]
[White "Neuman, Petr"]
[Black "Sarkar, Justin"]
[Result "1/2-1/2"]
[ECO "A22"]
[WhiteElo "2378"]
[BlackElo "2346"]
[Annotator "TA"]
[PlyCount "120"]
[EventDate "2022.08.05"]
[EventType "swiss"]
[EventCountry "CZE"]
[SourceTitle "playchess.com"]
[Source "ChessBase"]
[SourceQuality "1"]
[TimeControl "40/5400+30:1800+30"]

1. c4 e5 2. Nc3 Nf6 3. e3 g6 4. Nf3 d6 5. d4 Nbd7 6. g3 Bg7 7. Bg2 O-O 8. O-O Re8 9. a4 a5 {[%emt 0:01:20] E67: King's Indian: Fianchetto: 6...Nbd7.} 10. b3 exd4 11. exd4 Nb8 12. h3 Nc6 13. Bg5 h6 14. Be3 d5 {[%emt 0:02:18] [#]} 15. Ne5 $146 ({Predecessor:} 15. Nb5 Re7 16. g4 Be6 17. Ne5 Nxe5 18. dxe5 Ne4 19. f3 Ng3 20. Re1 dxc4 21. Bf4 {½-½ (33) Turova,I (2428)-Fominykh,M (2303) Olginka 2011}) 15... Nxe5 (15... Nb4 $11) 16. dxe5 $14 Rxe5 17. cxd5 Ne8 18. Qd2 Kh7 19. Bd4 Re7 20. Bxg7 Kxg7 21. Ne4 Bf5 22. Nc5 Nd6 23. g4 Bc8 24. Qd4+ Kg8 25. Rfc1 Qe8 26. Nd3 b6 $1 27. f4 f5 28. Ne5 g5 29. Nc6 $1 Re2 {[%emt 0:00:55] [#]} 30. Ne5 (30. fxg5 $1 $16 hxg5 31. Rc3) 30... gxf4 $11 31. Re1 {[%emt 0:00:06] Active counter play!} Rxe1+ 32. Rxe1 fxg4 33. Qxf4 Qf8 34. Qg3 Qg7 $36 {[%emt 0:04:06][%mdl 2048] Threatens to win with ...gxh3. Black has good play.} 35. hxg4 Bb7 36. Nc4 Nf5 {[%emt 0:00:56] [#]} (36... Nxc4 $11 37. bxc4 Rf8) 37. Qf4 $2 (37. Qf2 $1 $18 Nd6 38. Nxd6 cxd6 39. Re6 (39. Qxb6 Rf8 $18)) 37... Nh4 38. Bh1 Rf8 39. Qg3 Nf5 40. Qf4 Nh4 (40... Bc8 $15 41. Ne5 Nd6) 41. Qg3 Nf5 42. Qf4 Nd4 43. Qg3 Nxb3 44. Kh2 Nc5 45. Ne3 $1 Nd3 (45... Nxa4 46. Nf5 Rxf5 47. gxf5 Qxg3+ 48. Kxg3 $18) (45... Qf6 {seems wilder.} 46. Nf5 Bc8 47. Re7 Bxf5 48. gxf5+ Kh8) 46. Re2 {[%emt 0:00:00][%cal Be1e2,Be2c2,Bc2c7,Bc7b7][%mdl 32] Prevents Qb2. Strongly threatening Nf5.} Qe5 (46... Bc8 {feels hotter.} 47. Be4 Nc5 48. Bf5 Qe7) 47. Qxe5 Nxe5 48. Kg3 Bc8 {[%emt 0:00:00] Inhibits Nf5.} 49. Rc2 Bd7 50. Rxc7 Bxa4 51. Nf5 Bd7 ({Black should play} 51... h5 $11) 52. Nxh6+ (52. Ne7+ $1 $14 Kh8 53. Nc6 Nxc6 54. dxc6) 52... Kg7 {[%emt 0:00:36] The position is equal.} (52... Kh7 $5 53. Nf5 Kg6 $11) 53. Nf5+ Kf6 54. Rb7 Bxf5 55. Rxb6+ Kg5 56. gxf5 Kxf5 57. Ra6 Rh8 58. Bg2 Rg8+ 59. Kf2 Nd3+ 60. Kf1 Nf4 {[%emt 0:00:28] Weighted Error Value: White=0.13 (very precise) /Black=0.17 (very precise)} 1/2-1/2

[Event "Summer Prague Open-A 2022"]
[Site "Prague"]
[Date "2022.08.12"]
[Round "9.9"]
[White "Kambrath, Yannick"]
[Black "Kulhanek, Tomas"]
[Result "1/2-1/2"]
[ECO "A21"]
[WhiteElo "2401"]
[BlackElo "2319"]
[Annotator "TA"]
[PlyCount "18"]
[EventDate "2022.08.05"]
[EventType "swiss"]
[EventCountry "CZE"]
[SourceTitle "playchess.com"]
[Source "ChessBase"]
[SourceQuality "1"]
[TimeControl "40/5400+30:1800+30"]

1. c4 e5 2. Nc3 Bb4 3. e4 Nc6 4. a3 Bxc3 5. bxc3 d6 {[%emt 0:00:07] [#]} 6. g3 $146 {[%emt 0:01:25] A21: English Opening: 1...e5 2 Nc3.} (6. d3 $11) ({Predecessor:} 6. Ne2 Nge7 7. Ng3 O-O 8. Bd3 Be6 9. O-O Qd7 10. Qa4 {1-0 (41) Veltkamp,G (2140)-Fernandez,M (2227) Caleta 2020}) 6... f5 $15 7. f3 Nf6 8. d3 O-O 9. Bg2 Qe8 {[%emt 0:04:41] Weighted Error Value: White=0.22 (precise) /Black=0.00 (flawless)} (9... Qe7 $17) 1/2-1/2